cohdb
Replays
Latest Replays
All Replays
Popular Replays
Top Player Replays
Match Explorer
How It Works
Community
CoH3 Stats
Reddit
Sign in to upload your games and track your stats! →
Sign in with Steam
Match 41564325
Unlisted
Match 41564325
Overview
Messages
Build Orders
End
Construct Section Command Post
Dingo Light Scout Car
Royal Engineer Section
Royal Engineer Section
Royal Engineer Section
Construct Field Infirmary
Construct Platoon Command Post
Selects Heavy Armor Battlegroup
Selects Engineer Detachments
6-pounder Anti-tank Gun Team
Royal Engineer Section
Selects Forward Repair Assembly
Selects UNKNOWN (2162094)
Royal Engineer Section
Royal Engineer Section
Construct Company Command Post
Vickers Machine Gun Team
Vickers Machine Gun Team
Royal Engineer Section
Churchill IV Heavy Tank
Vickers Machine Gun Team
ML 3-inch Mortar Team
Selects Light Vehicle Withdraw and Refit
Selects Radio Net
Selects Recon Artillery
Infantry Training
6-pounder Anti-tank Gun Team
Recon Artillery
Churchill IV Heavy Tank
Royal Engineer Section
Churchill IV Heavy Tank
Recon Artillery
GreenWii
NanoLoki
FemtoLoki
한글
brady1989723
조영
0
0
Comments
sign in to comment!
No comments posted yet!